 Dungeon Crawl Stone Soup version 0.27.1-33-g824d729ab1 (webtiles) character file.

Game seed: 760715983310244139

135 Metae the Skirmisher (level 4, -2/41 HPs)
             Began as a Minotaur Fighter on Dec 13, 2021.
             Slain by a black bear (4 damage)
             ... on level 4 of the Dungeon.
             The game lasted 00:07:09 (3392 turns).

Metae the Skirmisher (Minotaur Fighter)             Turns: 3392, Time: 00:07:10

Health: -2/41      AC:  7    Str: 21    XL:     4   Next: 97%
Magic:  3/3        EV:  7    Int:  5    God:
Gold:   145        SH:  9    Dex: 10    Spells: 3/3 levels left

rFire    . . .     SeeInvis .   a - +0 trident
rCold    . . .     Faith    .   c - +0 kite shield
rNeg     . . .     Spirit   .   b - +0 scale mail
rPois    .         Reflect  .   (helmet restricted)
rElec    .         Harm     .   (no cloak)
rCorr    +         Rampage  .   (no gloves)
Will     .....                  (no boots)
Stlth    ..........             (no amulet)
HPRegen  0.13/turn              i - ring of resist corrosion
MPRegen  0.08/turn              (no ring)

@: no status effects
A: horns 2, retaliatory headbutt
a: no special abilities


You were on level 4 of the Dungeon.
You visited 1 branch of the dungeon, and saw 4 of its levels.

You collected 145 gold pieces.

Inventory:

Hand Weapons
 a - a +0 trident (weapon)
Armour
 b - a +0 scale mail (worn)
 c - a +0 kite shield (worn)
 o - a +0 plate armour
Jewellery
 i - a ring of resist corrosion (left hand)
Wands
 h - a wand of mindburst (21)
Scrolls
 f - 3 scrolls of identify {unknown}
 g - a scroll of teleportation {unknown}
 k - 2 scrolls of noise {unknown}
 m - a scroll of enchant armour {unknown}
 p - a scroll of enchant weapon {unknown}
Potions
 d - 2 potions of might
 e - 2 potions of heal wounds {unknown}
 j - 5 potions of curing {unknown}
 l - 2 potions of lignification {unknown}
 n - a potion of brilliance {unknown}


   Skills:
 + Level 4.5 Fighting
 + Level 3.6 Polearms
 + Level 4.5 Armour
 + Level 4.5 Shields
 + Level 1.0 Evocations


You had 3 spell levels left.
You didn't know any spells.
Your spell library was empty.

Dungeon Overview and Level Annotations

Branches:
Dungeon (4/15)
 Temple: D:4-7

Altars:
Xom

Annotations:
D:4 1 runed translucent door, Domino's ghost, amateur MiBe


Innate Abilities, Weirdness & Mutations

You have a pair of horns on your head.
You reflexively headbutt those who attack you in melee.


Message History

You block the black bear's attack. The black bear claws you.
You hit the black bear but do no damage.
The black bear is lightly wounded.
The black bear barely misses you. You block the black bear's attack.
The black bear claws you but does no damage.
You puncture the black bear! Your headbutt misses the black bear.
The black bear is moderately wounded.
The black bear bites you.
The black bear claws you but does no damage.
You block the black bear's attack.
You barely miss the black bear. Your headbutt misses the black bear.
The black bear is moderately wounded.
The black bear closely misses you. You block the black bear's attack.
The black bear claws you. The black bear bites you.
The black bear claws you but does no damage.
The black bear claws you.
You puncture the black bear!
The black bear is severely wounded.
The black bear bites you but does no damage.
The black bear claws you but does no damage.
The black bear closely misses you.
You hit the black bear. Your headbutt misses the black bear.
The black bear is almost dead.
The black bear goes berserk!
The black bear closely misses you. You block the black bear's attack.
The black bear claws you.
You hit the black bear.
The black bear is almost dead.
You block the black bear's attack. x2
The black bear claws you but does no damage.
The black bear bites you.
The black bear claws you but does no damage. x2
You hit the black bear.
The black bear is almost dead.
The black bear barely misses you. You block the black bear's attack.
The black bear claws you. The black bear bites you!
* * * LOW HITPOINT WARNING * * *
You block the black bear's attack. The black bear claws you.
* * * LOW HITPOINT WARNING * * *
The black bear bites you.
You die...

....# #..# ..###
#..#
..##########..#
.......)...#..####
.#########.......#
. #.#####.##### .
#.# #...#.♣# . #.#
#...+?8# . #.#
#@#.#W♣# .
...#####h..### .
#.......###
#######.# #.# #..
..## #.# #.#


You could see a black bear (berserk).

Vanquished Creatures
  A gnoll (D:1)
  5 adders
  2 worms (D:3)
  A dart slug (D:3)
  An orc (D:3)
  6 ball pythons
  8 bats
  7 endoplasms
  3 giant cockroaches (D:1)
  6 goblins
  7 hobgoblins
  6 jackals
  A quokka (D:2)
  2 frilled lizards
  5 kobolds
  7 rats
68 creatures vanquished.

Notes
Turn   | Place    | Note
-------+----------+-------------------------------------------
     0 | D:1      | Metae the Minotaur Fighter began the quest for the Orb.
     0 | D:1      | Reached XP level 1. HP: 19/19 MP: 0/0
   164 | D:1      | Reached XP level 2. HP: 25/27 MP: 1/1
   647 | D:1      | Reached XP level 3. HP: 33/33 MP: 2/2
  1084 | D:1      | Found a faded altar of an unknown god.
  1359 | D:2      | Reached XP level 4. HP: 31/41 MP: 3/3
  1622 | D:2      | Found Ihejobbe's Jewellery Shoppe.
  2221 | D:3      | Found a shimmering altar of Xom.
  3322 | D:4      | Reached skill level 1 in Evocations
  3369 | D:4      | Found a runed translucent door.
  3369 | D:4      | Noticed Domino's ghost (amateur MiBe)
  3379 | D:4      | Noticed a black bear
  3390 | D:4      | HP: 2/41 [black bear (1)]
  3392 | D:4      | Slain by a black bear

Illustrated notes

Levels and vault maps discovered:
D:1:      mrwooster_arrival_statue, layout_basic,
          hellmonk_ecumenical_altar_lost_god
D:2:      layout_basic, serial_shops, nicolae_shop_behind_doors,
          minmay_stone_trees_small, amcnicky_mini_rare_corridor_liquid
D:3:      layout_basic, tgw_xom
D:4:      layout_loops_ring, mainiacjoe_overflow_alcove_4,
          nicolae_qazlal_style_of_elements, gammafunk_ghost_grave

Skill      XL: |  1  2  3  4 |
---------------+-------------+-----
Fighting       | 4 |  4.5
Shields        | 4 |  4.5
Armour         | 4 |  4.5
Polearms       | 3 |  3.6
Evocations     | 1 |  1.0

Action                   |  1- 3 |  4- 6 || total
-------------------------+-------+-------++-------
Melee: Trident           |    81 |    73 ||   154
       Headbutt          |    14 |     6 ||    20
Armor: Scale mail        |    52 |    36 ||    88
Dodge: Dodged            |    27 |    24 ||    51
Block: Kite shield       |    38 |    46 ||    84
